 Dungeon Sprint DCSS version 0.31-a0-164-g2312942fda (webtiles) character file.

Game seed: 9071037723251860167

256 dialectric the Fighter (level 6, -8/44 HPs)
             Began as a Gargoyle Fighter on June 14, 2023.
             Mangled by a wyvern (12 damage)
             ... in the Dungeon (Sprint II: "The Violet Keep of Menkaure").
             The game lasted 00:00:29 (44 turns).

dialectric the Fighter (Gargoyle Fighter)             Turns: 44, Time: 00:00:29

Health: -8/44      AC: 12    Str: 15      XL:     6   Next: 15%
Magic:  6/6        EV:  9    Int:  8 (9)  God:
Gold:   0          SH:  5    Dex: 11      Spells: 5/5 levels left

rFire   . . .        a - +0 long sword
rCold   x . .        c - +0 buckler
rNeg    + . .        b - +0 scale mail
rPois   ∞            (no helmet)
rElec   +            (no cloak)
rCorr   .            (no gloves)
SInv    .            (no boots)
Will    .....        (no amulet) Stlth
                     (no ring)
HPRegen 0.27/turn    (no ring)
MPRegen 0.10/turn

%: no teleportation
@: mighty, on berserk cooldown, unable to drink
A: sickness immunity, AC +4, negative energy resistance 1, electricity
resistance, torment resistance 1, petrification resistance, deterioration 2,
screaming 1, weak 2, cold vulnerability 1, inability to drink after injury 1
a: no special abilities


You were in the Dungeon.
You visited 1 branch

Inventory:

Hand Weapons
 a - a +0 long sword (weapon)
Armour
 b - a +0 scale mail (worn)
 c - a +0 buckler (worn)
Scrolls
 j - a scroll of blinking
Potions
 e - a potion of curing
 g - a potion of haste
 h - 2 potions of magic


   Skills:
 - Level 8.1 Fighting
 + Level 4.9 Long Blades
 + Level 7.6 Armour
 * Level 0.4 Dodging
 + Level 7.6 Shields


You had 5 spell levels left.
You didn't know any spells.
Your spell library was empty.

Dungeon Overview and Level Annotations

Branches:
Dungeon (1/1)

Altars:


Innate Abilities, Weirdness & Mutations

You are immune to sickness and miasma.
Your stone body is resilient. (AC +4)
You are immune to poison.
You resist negative energy. (rN+)
You are resistant to electric shocks. (rElec)
You are resistant to unholy torment.
You are immune to petrification.
Your body often deteriorates upon taking damage.
You occasionally shout uncontrollably at your foes.
You are very weak. (Str -4)
You are vulnerable to cold. (rC-)
You occasionally lose the ability to drink potions when taking damage.


Message History

You occasionally lose the ability to drink potions when taking damage.
You hit the neqoxec.
You kill the neqoxec!
You feel your intelligence returning.
Your Fighting skill gained 2 levels and is now at level 8!
Your Long Blades skill increases to level 4!
Your Armour skill increases to level 7!
Your Shields skill increases to level 7!
You have reached level 6!
You close the door.
There is a staircase leading out of the dungeon here.
You start resting.
You feel yourself speed up.
You open the door. 2 wyverns come into view.
The wyvern hisses angrily. x2
You feel very mighty all of a sudden. The wyvern bites you!
You feel threatened and lose the ability to drink potions!
* * * LOW HITPOINT WARNING * * *
Your body deteriorates!
You feel dopey.
You hit the wyvern.
The wyvern is lightly wounded.
The wyvern closely misses you. The wyvern bites you.
* * * LOW HITPOINT WARNING * * *
You slash the wyvern!
The wyvern is heavily wounded.
You block the wyvern's attack. x2
You barely miss the wyvern.
The wyvern is heavily wounded.
You block the wyvern's attack. The wyvern barely misses you.
You slash the wyvern!
The wyvern is almost dead.
You can drink potions again.
You block the wyvern's attack.
You slash the wyvern!
You kill the wyvern!
The wyvern bites you!
You feel threatened and lose the ability to drink potions!
You die...

## ##
.# #.
.#. #l#
###@##
#+.<.+
#.##.##
#. #+#
#


You could see a wyvern.

Vanquished Creatures
  A wyvern (D)
  2 neqoxecs (D)
3 creatures vanquished.

Notes
Turn   | Place    | Note
-------+----------+-------------------------------------------
     0 | D        | dialectric the Gargoyle Fighter began the quest for the
                  | Orb.
     0 | D        | Reached XP level 1. HP: 14/14 MP: 1/1
     1 | D        | Noticed a neqoxec
     1 | D        | Noticed a neqoxec
     9 | D        | HP: 1/21 [neqoxec (5)]
    14 | D        | Gained mutation: You occasionally shout uncontrollably at
                  | your foes. [a neqoxec]
    16 | D        | Killed a neqoxec
    17 | D        | Reached skill level 6 in Fighting
    17 | D        | Reached XP level 2. HP: 3/23 MP: 2/2
    17 | D        | Reached XP level 3. HP: 4/28 MP: 3/3
    17 | D        | Reached XP level 4. HP: 5/32 MP: 4/4
    17 | D        | Reached XP level 5. HP: 5/37 MP: 5/5
    23 | D        | Gained mutation: You are weak. (Str -2) [a neqoxec]
    23 | D        | HP: 1/37 [neqoxec (6)]
    24 | D        | Noticed a neqoxec
    26 | D        | Gained mutation: You are very weak. (Str -4) [a neqoxec]
    29 | D        | Gained mutation: Your body sometimes deteriorates upon
                  | taking damage. [a neqoxec]
    30 | D        | Gained mutation: Your body often deteriorates upon taking
                  | damage. [a neqoxec]
    31 | D        | Gained mutation: You are vulnerable to cold. (rC-) [a
                  | neqoxec]
    32 | D        | Gained mutation: You occasionally lose the ability to drink
                  | potions when taking damage. [a neqoxec]
    33 | D        | Killed a neqoxec
    34 | D        | Reached skill level 8 in Fighting
    34 | D        | Reached XP level 6. HP: 10/44 MP: 6/6
    38 | D        | Noticed a wyvern
    38 | D        | Noticed a wyvern
    40 | D        | HP: 2/44 [wyvern (1)]
    44 | D        | Killed a wyvern
    44 | D        | Mangled by a wyvern

Illustrated notes

Levels and vault maps discovered:
D:        the_violet_keep_of_menkaure [sprint2_stairs_cluster_1,
          sprint2_shoproom, sprint2_temple, sprint2_basic_supplies,
          sprint2_obstacle_2, sprint2_obstacle_5, sprint2_obstacle_6,
          sprint2_obstacle_7, sprint2_obstacle_4, sprint2_timed_cluster_1,
          sprint2_smallroom_cluster_1, sprint2_smallroom_final_cluster_1,
          sprint2_transparent_cluster_1, sprint2_second_timed_cluster_1,
          sprint2_sniper_area_1, sprint2_heavy_combat_area_1,
          sprint2_mutation_trap_area_1, sprint2_forest_area_1,
          sprint2_light_combat_area_1, sprint2_behind_water_1,
          sprint2_near_end_vault_1]

Skill      XL: |  1  2  3  4  5 |
---------------+----------------+-----
Fighting       | 6 8 |  8.1
Long Blades    | 3 4 |  4.9
Armour         | 6 7 |  7.6
Shields        | 6 7 |  7.6
Dodging        | |  0.4

Action                     |  1- 3 |  4- 6 || total
---------------------------+-------+-------++-------
  Melee: Long sword        |    14 |    21 ||    35
    Use: Potion            |     1 |     2 ||     3
 Armour: Scale mail        |     3 |     6 ||     9
  Dodge: Dodged            |     2 |     9 ||    11
  Block: Buckler           |     1 |     7 ||     8

Table legend: (Time is in decaauts)
 A = Elapsed time spent in this place.
 B = Non-inter-level travel time spent in this place.
 C = Inter-level travel time spent in this place.
 D = Time resting spent in this place.
 E = Time spent auto-exploring this place.
 F = Levels seen in this place.
 G = Mean time per level.
                   A        B        C        D        E       F      G
               +--------+--------+--------+--------+--------+-----+--------+
         Total |     60 |     60 |      0 |      0 |      0 |   1 |   60.0 |
       Dungeon |     60 |     60 |      0 |      0 |      0 |   1 |   60.0 |
               +--------+--------+--------+--------+--------+-----+--------+

Top non-repeatable levels by time:
       D: 60 daAuts
